| TOP OF THE 1ST |
|
Southern Maryland Blue Crabs batting - Pitching for Chester Pirates : RHP Sung-jae Choo
|
|
Pitching: RHP Sung-jae Choo
|
|
|
Batting: RHB Kevin Popowicz
|
0-0: Foul Ball, location: 2F 0-1: Ball 1-1: Foul Ball, location: 2F 1-2: Ball 2-2: SOLO HOME RUN (Flyball, 7LD, EV 97.5 MPH), Distance : 363 ft
|
|
Batting: LHB Chris Cohen
|
0-0: Fly out, F8 (Flyball, 8LD, EV 86.9 MPH)
|
|
Batting: LHB Xue-liang Zhou
|
0-0: Foul Ball, location: 2F 0-1: Hit by Pitch
|
|
Batting: RHB Minoru Matsumoto
|
0-0: Foul Ball, location: 2F 0-1: Ball 1-1: Called Strike 1-2: Strikes out swinging
|
|
Batting: RHB Jonathan Mendoza
|
0-0: Foul Ball, location: 2F 0-1: Ball 1-1: Swinging Strike 1-2: Strikes out swinging passed ball, reaches first! Xue-liang Zhou to second
|
|
Batting: SHB Eric Kelley
|
0-0: Swinging Strike 0-1: Ball 1-1: Foul Ball, location: 2F 1-2: Ball 2-2: Foul Ball, location: 2F 2-2: Foul Ball, location: 2F 2-2: Fly out, F8 (Flyball, 8RS, EV 89.4 MPH)
|
| Top of the 1st over - 1 run, 1 hit, 0 errors, 2 left on base; Southern Maryland 1 - Chester 0 |
| BOTTOM OF THE 1ST |
|
Chester Pirates batting - Pitching for Southern Maryland Blue Crabs : RHP Craig Painter
|
|
Pitching: RHP Craig Painter
|
|
|
Batting: LHB Chad Cutler
|
0-0: Ball 1-0: Foul Ball, location: 2F 1-1: Called Strike 1-2: Strikes out swinging
|
|
Batting: RHB Jon Solis
|
0-0: Ball 1-0: Foul Ball, location: 2F 1-1: Foul Ball, location: 2F 1-2: Ball 2-2: Ball 3-2: Ground out 5-3 (Groundball, 56S, EV 69.4 MPH)
|
|
Batting: RHB Rusty Trader
|
0-0: Ball 1-0: Ball 2-0: Ball 3-0: Base on Balls
|
|
Batting: RHB Hector Barajas
|
0-0: Ball Rusty Trader is caught stealing 2nd base 2-4
|
| Bottom of the 1st over - 0 runs, 0 hits, 0 errors, 0 left on base; Southern Maryland 1 - Chester 0 |
| TOP OF THE 2ND |
|
Southern Maryland Blue Crabs batting - Pitching for Chester Pirates : RHP Sung-jae Choo
|
|
Batting: LHB Edwin Cabral
|
0-0: Foul Ball, location: 2F 0-1: Ball 1-1: Foul Ball, location: 2F 1-2: Ball 2-2: Ball 3-2: Ground out 4-3 (Groundball, 4, EV 85.6 MPH)
|
|
Batting: RHB Simon Van Steenwyk
|
0-0: Foul Ball, location: 2F 0-1: Swinging Strike 0-2: Ground out 4-3 (Groundball, 34, EV 98.8 MPH)
|
|
Batting: LHB Taylor Plummer
|
0-0: Ball 1-0: Ball 2-0: Called Strike 2-1: Ball 3-1: Base on Balls
|
|
Batting: RHB Kevin Popowicz
|
0-0: Foul Ball, location: 2F 0-1: Foul Ball, location: 2F 0-2: Ball 1-2: Fielders Choice at 2nd, 6-4 (Groundball, 6, EV 88.8 MPH)
|
| Top of the 2nd over - 0 runs, 0 hits, 0 errors, 1 left on base; Southern Maryland 1 - Chester 0 |
| BOTTOM OF THE 2ND |
|
Chester Pirates batting - Pitching for Southern Maryland Blue Crabs : RHP Craig Painter
|
|
Batting: RHB Hector Barajas
|
0-0: Called Strike 0-1: Foul Ball, location: 2F 0-2: Ball 1-2: Strikes out looking
|
|
Batting: RHB Ricky Alvarado
|
0-0: Ball 1-0: Fly out, F8 (Line Drive, 78M, EV 89.4 MPH)
|
|
Batting: LHB Kazuyoshi Ikeda
|
0-0: Called Strike 0-1: Fly out, F8 (Flyball, 8LD, EV 85.0 MPH)
|
| Bottom of the 2nd over - 0 runs, 0 hits, 0 errors, 0 left on base; Southern Maryland 1 - Chester 0 |
| TOP OF THE 3RD |
|
Southern Maryland Blue Crabs batting - Pitching for Chester Pirates : RHP Sung-jae Choo
|
|
Batting: LHB Chris Cohen
|
0-0: Ball 1-0: SINGLE (Flyball, 56D, EV 83.8 MPH)
|
|
Batting: LHB Xue-liang Zhou
|
0-0: Foul Ball, location: 2F 0-1: Fielders Choice at 2nd, 6-4 (Groundball, 6, EV 103.8 MPH)
|
|
Batting: RHB Minoru Matsumoto
|
0-0: Ball 1-0: Ball Xue-liang Zhou is caught stealing 2nd base 2-4 2-0: Foul Ball, location: 2F 2-1: Fly out, F7 (Flyball, 78M, EV 85.0 MPH)
|
| Top of the 3rd over - 0 runs, 1 hit, 0 errors, 0 left on base; Southern Maryland 1 - Chester 0 |
| BOTTOM OF THE 3RD |
|
Chester Pirates batting - Pitching for Southern Maryland Blue Crabs : RHP Craig Painter
|
|
Batting: RHB Rafael Galicia
|
0-0: Called Strike 0-1: Ball 1-1: Ball 2-1: Foul Ball, location: 2F 2-2: Strikes out looking
|
|
Batting: LHB Damien Cohen
|
0-0: Ground out 5-3 (Groundball, 56, EV 94.4 MPH)
|
|
Batting: RHB Matt Derrien
|
0-0: Foul Ball, location: 2F 0-1: Ball 1-1: Swinging Strike 1-2: Strikes out swinging
|
| Bottom of the 3rd over - 0 runs, 0 hits, 0 errors, 0 left on base; Southern Maryland 1 - Chester 0 |
| TOP OF THE 4TH |
|
Southern Maryland Blue Crabs batting - Pitching for Chester Pirates : RHP Sung-jae Choo
|
|
Batting: RHB Jonathan Mendoza
|
0-0: Ball 1-0: Swinging Strike 1-1: SOLO HOME RUN (Flyball, 7LD, EV 93.8 MPH), Distance : 347 ft
|
|
Batting: SHB Eric Kelley
|
0-0: Foul Ball, location: 2F 0-1: Ball 1-1: Swinging Strike 1-2: Ground out 3-1 (Groundball, 34, EV 82.5 MPH)
|
|
Batting: LHB Edwin Cabral
|
0-0: Ball 1-0: Swinging Strike 1-1: Ball 2-1: Foul Ball, location: 2F 2-2: SINGLE (Line Drive, 34, EV 101.9 MPH)
|
|
Batting: RHB Simon Van Steenwyk
|
0-0: Grounds into double play, 5-4-3 (Groundball, 56S, EV 93.1 MPH)
|
| Top of the 4th over - 1 run, 2 hits, 0 errors, 0 left on base; Southern Maryland 2 - Chester 0 |
| BOTTOM OF THE 4TH |
|
Chester Pirates batting - Pitching for Southern Maryland Blue Crabs : RHP Craig Painter
|
|
Batting: LHB Chad Cutler
|
0-0: SINGLE (Line Drive, 8RS, EV 92.5 MPH)
|
|
Batting: RHB Jon Solis
|
0-0: Called Strike 0-1: Called Strike 0-2: Strikes out looking
|
|
Batting: RHB Rusty Trader
|
0-0: Called Strike 0-1: Ball Chad Cutler is caught stealing 2nd base 2-4 1-1: Called Strike 1-2: Fly out, F8 (Flyball, 8RM, EV 91.2 MPH)
|
| Bottom of the 4th over - 0 runs, 1 hit, 0 errors, 0 left on base; Southern Maryland 2 - Chester 0 |
| TOP OF THE 5TH |
|
Southern Maryland Blue Crabs batting - Pitching for Chester Pirates : RHP Sung-jae Choo
|
|
Batting: LHB Taylor Plummer
|
0-0: Called Strike 0-1: Ball 1-1: Foul Ball, location: 2F 1-2: Foul Ball, location: 2F 1-2: Ground out U3 (Groundball, 3, EV 100.6 MPH)
|
|
Batting: RHB Kevin Popowicz
|
0-0: Ball 1-0: Ball 2-0: Ball 3-0: Base on Balls
|
|
Batting: LHB Chris Cohen
|
0-0: Called Strike 0-1: Foul Ball, location: 2F 0-2: SINGLE (Line Drive, 4D, EV 99.4 MPH) Kevin Popowicz to second Runner from 2nd tries for 3rd, OUT! 8-5
|
|
Batting: LHB Xue-liang Zhou
|
0-0: Ball 1-0: Ball 2-0: Foul Ball, location: 2F 2-1: Ball 3-1: Foul Ball, location: 2F 3-2: Foul Ball, location: 2F 3-2: Base on Balls Chris Cohen to second
|
|
Batting: RHB Minoru Matsumoto
|
0-0: Swinging Strike 0-1: Ball 1-1: Fly out, F9 (Flyball, 9LS, EV 74.4 MPH)
|
| Top of the 5th over - 0 runs, 1 hit, 0 errors, 2 left on base; Southern Maryland 2 - Chester 0 |
| BOTTOM OF THE 5TH |
|
Chester Pirates batting - Pitching for Southern Maryland Blue Crabs : RHP Craig Painter
|
|
Batting: RHB Hector Barajas
|
0-0: Called Strike 0-1: Ball 1-1: Ball 2-1: Swinging Strike 2-2: Strikes out swinging
|
|
Batting: RHB Ricky Alvarado
|
0-0: Called Strike 0-1: Ball 1-1: Ground out 5-3 (Groundball, 56, EV 86.2 MPH)
|
|
Batting: LHB Kazuyoshi Ikeda
|
0-0: Ball 1-0: Swinging Strike 1-1: Ball 2-1: Foul Ball, location: 2F 2-2: Foul Ball, location: 2F 2-2: Ball 3-2: Foul Ball, location: 2F 3-2: Strikes out swinging
|
| Bottom of the 5th over - 0 runs, 0 hits, 0 errors, 0 left on base; Southern Maryland 2 - Chester 0 |
| TOP OF THE 6TH |
|
Southern Maryland Blue Crabs batting - Pitching for Chester Pirates : RHP Sung-jae Choo
|
|
Pitching: LHP Angel Juarez
|
|
|
Batting: RHB Jonathan Mendoza
|
0-0: Called Strike 0-1: Ball 1-1: Swinging Strike 1-2: Ball 2-2: Ball 3-2: Foul Ball, location: 2F 3-2: Foul Ball, location: 2F 3-2: Base on Balls
|
|
Batting: SHB Eric Kelley
|
0-0: Ball 1-0: Called Strike 1-1: Foul Ball, location: 2F 1-2: Ball 2-2: Grounds into double play, 4-6-3 (Groundball, 4, EV 88.1 MPH)
|
|
Batting: LHB Edwin Cabral
|
0-0: Ball 1-0: Ball 2-0: SINGLE (Flyball, 8LS, EV 95.0 MPH)
|
|
Batting: RHB Simon Van Steenwyk
|
0-0: Ball 1-0: Foul Ball, location: 2F 1-1: Called Strike Edwin Cabral is caught stealing 2nd base 2-4
|
| Top of the 6th over - 0 runs, 1 hit, 0 errors, 0 left on base; Southern Maryland 2 - Chester 0 |
| BOTTOM OF THE 6TH |
|
Chester Pirates batting - Pitching for Southern Maryland Blue Crabs : RHP Craig Painter
|
|
Batting: RHB Rafael Galicia
|
0-0: Ball 1-0: Ball 2-0: Called Strike 2-1: Ball 3-1: Base on Balls
|
|
Batting: LHB Damien Cohen
|
0-0: Ball 1-0: Ball 2-0: Fly out, F8 (Line Drive, 8LM, EV 106.2 MPH)
|
|
Batting: RHB Matt Derrien
|
0-0: Called Strike 0-1: Foul Ball, location: 2F 0-2: Strikes out swinging
|
|
Batting: LHB Chad Cutler
|
0-0: Hit by Pitch Rafael Galicia to second
|
|
Batting: RHB Jon Solis
|
0-0: Called Strike 0-1: Foul Ball, location: 2F 0-2: Foul Ball, location: 2F 0-2: Foul Ball, location: 2F 0-2: Hit by Pitch Rafael Galicia to third Chad Cutler to second
|
|
Batting: RHB Rusty Trader
|
0-0: Ball Wild Pitch! Rafael Galicia scores Chad Cutler to third Jon Solis to second 1-0: Ball 2-0: Ball 3-0: Base on Balls
|
|
Batting: RHB Hector Barajas
|
0-0: Ball 1-0: Called Strike 1-1: Called Strike 1-2: Ball 2-2: Ball 3-2: Foul Ball, location: 2F 3-2: Foul Ball, location: 2F 3-2: Base on Balls Chad Cutler scores Jon Solis to third Rusty Trader to second
|
|
Batting: RHB Ricky Alvarado
|
0-0: Called Strike 0-1: Foul Ball, location: 2F 0-2: Strikes out swinging
|
| Bottom of the 6th over - 2 runs, 0 hits, 0 errors, 3 left on base; Southern Maryland 2 - Chester 2 |
| TOP OF THE 7TH |
|
Southern Maryland Blue Crabs batting - Pitching for Chester Pirates : LHP Angel Juarez
|
|
Batting: RHB Simon Van Steenwyk
|
0-0: Called Strike 0-1: Swinging Strike 0-2: Ball 1-2: Ball 2-2: Foul Ball, location: 2F 2-2: Fly out, F9 (Line Drive, 9LS, EV 89.4 MPH)
|
|
Batting: LHB Taylor Plummer
|
0-0: Called Strike 0-1: Ball 1-1: Foul Ball, location: 2F 1-2: Foul Ball, location: 2F 1-2: Foul Ball, location: 2F 1-2: Foul Ball, location: 2F 1-2: Strikes out looking
|
|
Pitching: RHP Bill Gomez
|
|
|
Batting: RHB Kevin Popowicz
|
0-0: Ball 1-0: Called Strike 1-1: Ball 2-1: Swinging Strike 2-2: Foul Ball, location: 2F 2-2: Ground out 6-3 (Groundball, 6, EV 87.5 MPH)
|
| Top of the 7th over - 0 runs, 0 hits, 0 errors, 0 left on base; Southern Maryland 2 - Chester 2 |
| BOTTOM OF THE 7TH |
|
Chester Pirates batting - Pitching for Southern Maryland Blue Crabs : RHP Craig Painter
|
|
Batting: LHB Kazuyoshi Ikeda
|
0-0: Foul Ball, location: 2F 0-1: Ball 1-1: Ball 2-1: Foul Ball, location: 2F 2-2: Ball 3-2: Foul Ball, location: 2F 3-2: Base on Balls
|
|
Pitching: LHP Gilberto Lugo
|
|
|
Batting: RHB Rafael Galicia
|
0-0: Swinging Strike 0-1: Ball 1-1: Ball Wild Pitch! Kazuyoshi Ikeda to second 2-1: Foul Ball, location: 2F 2-2: Fly out, F8 (Flyball, 8RS, EV 75.0 MPH)
|
|
Pinch Hitting: RHB Dan Kurtz
|
0-0: Intentional Walk
|
|
Batting: RHB Matt Derrien
|
0-0: Ball 1-0: Ball 2-0: Called Strike 2-1: Ball 3-1: Base on Balls Kazuyoshi Ikeda to third Dan Kurtz to second
|
|
Batting: LHB Chad Cutler
|
0-0: Called Strike 0-1: Foul Ball, location: 2F 0-2: Ball 1-2: Strikes out looking
|
|
Batting: RHB Jon Solis
|
0-0: Called Strike 0-1: Foul Ball, location: 2F 0-2: Ball 1-2: Strikes out swinging
|
| Bottom of the 7th over - 0 runs, 0 hits, 0 errors, 3 left on base; Southern Maryland 2 - Chester 2 |
| TOP OF THE 8TH |
|
Southern Maryland Blue Crabs batting - Pitching for Chester Pirates : RHP Bill Gomez
|
|
Now at 1B: Dan Kurtz
|
|
|
Batting: LHB Chris Cohen
|
0-0: Ball 1-0: Ball 2-0: Ball 3-0: Called Strike 3-1: Base on Balls
|
|
Batting: LHB Xue-liang Zhou
|
0-0: Ball 1-0: Ball 2-0: Ball 3-0: Base on Balls Chris Cohen to second
|
|
Pinch Hitting: LHB Pat Fontana
|
0-0: Called Strike 0-1: Ball 1-1: DOUBLE (Line Drive, 5D, EV 93.8 MPH) Chris Cohen scores Xue-liang Zhou to third
|
|
Batting: RHB Jonathan Mendoza
|
0-0: Intentional Walk
|
|
Pitching: LHP Juan Hernandez
|
|
|
Batting: SHB Eric Kelley
|
0-0: Ball 1-0: Ball 2-0: Called Strike 2-1: SINGLE (Line Drive, 7LM, EV 95.6 MPH) Xue-liang Zhou scores Pat Fontana to third Jonathan Mendoza to second
|
|
Batting: LHB Edwin Cabral
|
0-0: GRAND SLAM HOME RUN (Flyball, 9D, EV 98.1 MPH), Distance : 389 ft
|
|
Batting: RHB Simon Van Steenwyk
|
0-0: Ball 1-0: Ball 2-0: Ball 3-0: Base on Balls
|
|
Pinch Hitting: RHB Ruben Domingues
|
0-0: Called Strike 0-1: Called Strike 0-2: Foul Ball, location: 2F 0-2: Ball 1-2: Foul Ball, location: 2F 1-2: 2-RUN HOME RUN (Flyball, 7LD, EV 95.6 MPH), Distance : 362 ft
|
|
Pitching: RHP Pete Griesser
|
|
|
Pinch Hitting: LHB Ivan Alvarez
|
0-0: SINGLE (Line Drive, 6M, EV 98.8 MPH)
|
|
Batting: LHB Chris Cohen
|
0-0: Ball 1-0: Ball 2-0: Foul Ball, location: 2F 2-1: Ball 3-1: Fly out, F9 (Flyball, 9, EV 84.4 MPH)
|
|
Batting: LHB Xue-liang Zhou
|
0-0: Foul Ball, location: 2F 0-1: Ball 1-1: Ball 2-1: Foul Ball, location: 2F 2-2: Foul Ball, location: 2F 2-2: Foul Ball, location: 2F 2-2: Ball 3-2: Strikes out swinging
|
|
Batting: LHB Pat Fontana
|
0-0: Called Strike 0-1: Swinging Strike 0-2: Ball 1-2: DOUBLE (Flyball, 8RD, EV 103.1 MPH) Ivan Alvarez to third
|
|
Batting: RHB Jonathan Mendoza
|
0-0: Called Strike 0-1: Ball 1-1: Ball 2-1: Swinging Strike 2-2: Ball 3-2: Base on Balls
|
|
Batting: SHB Eric Kelley
|
0-0: Ball 1-0: Ball 2-0: Ball 3-0: Base on Balls Ivan Alvarez scores Pat Fontana to third Jonathan Mendoza to second
|
|
Batting: LHB Edwin Cabral
|
0-0: Ball 1-0: Ball 2-0: Ball 3-0: Called Strike 3-1: Foul Ball, location: 2F 3-2: Ground out 6-3 (Groundball, 6, EV 98.8 MPH)
|
| Top of the 8th over - 9 runs, 6 hits, 0 errors, 3 left on base; Southern Maryland 11 - Chester 2 |
| BOTTOM OF THE 8TH |
|
Chester Pirates batting - Pitching for Southern Maryland Blue Crabs : LHP Gilberto Lugo
|
|
Now at 1B: Maup Gommers
|
|
|
Now at 2B: Edwin Cabral
|
|
|
Now at SS: Ivan Alvarez
|
|
|
Now in CF: Ruben Domingues
|
|
|
Batting: RHB Rusty Trader
|
0-0: Ball 1-0: Ground out 5-3 (Groundball, 56S, EV 66.2 MPH)
|
|
Batting: RHB Hector Barajas
|
0-0: Foul Ball, location: 2F 0-1: Ball 1-1: Ball 2-1: Swinging Strike 2-2: Strikes out swinging
|
|
Batting: RHB Ricky Alvarado
|
0-0: Ball 1-0: Swinging Strike 1-1: Ball 2-1: Swinging Strike 2-2: Foul Ball, location: 2F 2-2: Strikes out swinging
|
| Bottom of the 8th over - 0 runs, 0 hits, 0 errors, 0 left on base; Southern Maryland 11 - Chester 2 |
| TOP OF THE 9TH |
|
Southern Maryland Blue Crabs batting - Pitching for Chester Pirates : RHP Pete Griesser
|
|
Batting: RHB Simon Van Steenwyk
|
0-0: Ball 1-0: Called Strike 1-1: Ball 2-1: Ball 3-1: Base on Balls
|
|
Batting: RHB Ruben Domingues
|
0-0: Fly out, F9 (Flyball, 89M, EV 88.8 MPH)
|
|
Pinch Hitting: SHB Carlos Carrillo
|
0-0: Ball 1-0: Called Strike 1-1: Swinging Strike 1-2: Ball 2-2: Strikes out looking
|
|
Batting: LHB Chris Cohen
|
0-0: Called Strike 0-1: Ball 1-1: Called Strike 1-2: Ball 2-2: Ball 3-2: Strikes out looking
|
| Top of the 9th over - 0 runs, 0 hits, 0 errors, 1 left on base; Southern Maryland 11 - Chester 2 |
| BOTTOM OF THE 9TH |
|
Chester Pirates batting - Pitching for Southern Maryland Blue Crabs : LHP Gilberto Lugo
|
|
Now at SS: Eddie Morin
|
|
|
Batting: LHB Kazuyoshi Ikeda
|
0-0: Called Strike 0-1: Ground out 4-3 (Groundball, 4M, EV 99.4 MPH)
|
|
Batting: RHB Rafael Galicia
|
0-0: Called Strike 0-1: Foul Ball, location: 2F 0-2: Ball 1-2: Strikes out looking
|
|
Batting: RHB Dan Kurtz
|
0-0: Ball 1-0: Foul Ball, location: 2F 1-1: Ball 2-1: Foul Ball, location: 2F 2-2: Strikes out swinging
|
| Bottom of the 9th over - 0 runs, 0 hits, 0 errors, 0 left on base; Southern Maryland 11 - Chester 2 |
|